 Dungeon Crawl Stone Soup version 0.21-a0-426-g98080a9 (webtiles) character file.

26259 kae the Geomancer (level 13, -8/78 HPs)
             Began as a Gargoyle Earth Elementalist on Nov 7, 2017.
             Was an Elder of Vehumet.
             Mangled by a yak (10 damage)
             ... on level 3 of the Lair of Beasts.
             The game lasted 00:19:05 (15198 turns).

kae the Geomancer (Gargoyle Earth Elementalist)    Turns: 15198, Time: 00:19:06

Health: -8/78      AC: 14    Str: 13    XL:     13   Next: 24%
Magic:  16/27      EV: 15    Int: 24    God:    Vehumet [****..]
Gold:   377        SH:  5    Dex: 12    Spells: 23/32 levels left

rFire    + . .     SeeInvis .   S - +4 scimitar "Kauzeed" {venom, rPois MR+ Dex+2}
rCold    + . .     Gourm    .   t - +0 buckler
rNeg     + . .     Faith    .   C - +1 robe "Wampe" {MR+ Int+4}
rPois    ∞         Spirit   .   T - +0 hat
rElec    +         Reflect  .   H - +0 cloak "Masmuew" {rF++}
rCorr    +         Harm     .   V - +0 pair of gloves
MR       ++...                  (no boots)
Stlth    ++........             k - amulet of magic regeneration
HPRegen  0.23/turn              a - ring of resist corrosion
MPRegen  0.45/turn              U - ring of ice

@: no status effects
A: negative energy resistance 1, electricity resistance, unbreathing,
petrification resistance, rot immunity, AC +9
a: Renounce Religion


You were on level 3 of the Lair of Beasts.
You worshipped Vehumet.
Vehumet was greatly pleased with you.
You were very hungry.

You visited 2 branches of the dungeon, and saw 13 of its levels.
You also visited: Ice Cave.

You collected 688 gold pieces.
You spent 311 gold pieces at shops.

Inventory:

Hand Weapons
 f - a +0 dagger
 x - a +4 dagger
 S - the +4 scimitar "Kauzeed" (weapon) {venom, rPois MR+ Dex+2}
   (You took it off a crimson imp on level 9 of the Dungeon)

   It poisons the flesh of those it strikes.
   It affects your dexterity (+2).
   It protects you from poison.
   It affects your resistance to hostile enchantments.
Missiles
 b - 227 stones (quivered)
Armour
 t - a +0 buckler (worn)
 C - the +1 robe "Wampe" (worn) {MR+ Int+4}
   (You found it on level 5 of the Dungeon)

   It affects your intelligence (+4).
   It affects your resistance to hostile enchantments.
 H - the +0 cloak "Masmuew" (worn) {rF++}
   (You bought it in a shop on level 6 of the Dungeon)

   It greatly protects you from fire.
 T - a +0 hat (worn)
 V - a +0 pair of gloves (worn)
Jewellery
 a - a ring of resist corrosion (left hand)
 k - an amulet of magic regeneration (around neck)
 w - an uncursed amulet of the gourmand
 F - an uncursed ring of protection from fire
 O - a +2 ring of intelligence
 U - a ring of ice (right hand)
Wands
 q - a wand of flame (34/48)
 r - a wand of scattershot (6/9)
 u - a wand of lightning (13/15)
Scrolls
 h - 2 scrolls of recharging
 j - a scroll of enchant armour
 m - 3 scrolls of remove curse
 v - 3 scrolls of enchant weapon
 y - 5 scrolls of teleportation
 E - 7 scrolls of identify
 G - a scroll of noise
 W - 2 scrolls of magic mapping
Potions
 c - 3 potions of brilliance
 g - 2 potions of cancellation
 i - 6 potions of flight
 p - 5 potions of curing
 s - 2 potions of resistance
 z - 2 potions of heal wounds
 A - 2 potions of agility
 L - 2 potions of lignification
 M - a potion of might
 N - 2 potions of magic
 R - 3 potions of haste
 Y - 2 potions of mutation {unknown}
 Z - 2 potions of ambrosia {unknown}
Books
 e - a book of Geomancy

   Spells                             Type                      Level
   a - Sandblast                      Earth                        1
   b - Passwall                       Transmutation/Earth          2
   c - Stone Arrow                    Conjuration/Earth            3
   d - Petrify                        Transmutation/Earth          4
   e - Lee's Rapid Deconstruction     Earth                        5
Comestibles
 d - 6 bread rations
 l - 8 royal jellies
 n - 5 meat rations
 o - 11 fruits


   Skills:
 + Level 8.1 Fighting
 + Level 2.0 Long Blades
 + Level 6.5 Dodging
 - Level 2.1 Stealth
 - Level 4.1 Shields
 * Level 10.4 Spellcasting
 * Level 11.5 Conjurations
   Level 0.7 Transmutations
 * Level 13.3 Earth Magic


You had 23 spell levels left.
You knew the following spells:

 Your Spells              Type           Power        Failure   Level  Hunger
a - Sandblast             Erth           ######       0%          1    None
b - Stone Arrow           Conj/Erth      ######       1%          3    None
c - Lee's Rapid Deconstr  Erth           ######....   1%          5    ####...


Dungeon Overview and Level Annotations

Branches:
Dungeon (10/15)            Temple (0/1) D:6            Lair (3/6) D:10
  Snake (0/4) Lair:2          Orc (0/2) D:9
  Swamp: Lair:2-4    Shoals: Lair:2-4

Altars:
Ashenzari
Elyvilon
Gozag
Hepliaklqana
Kikubaaqudgha
Makhleb
Nemelex Xobeh
Qazlal
Ru
Sif Muna
Uskayaw
Vehumet
Yredelemnul
Beogh

Shops:
D:4 %   D:6 *(?


Innate Abilities, Weirdness & Mutations

You are resistant to torment.
Your stone body is resilient. (AC +9)
You are immune to poison.
You resist negative energy. (rN+)
You are resistant to electric shocks. (rElec)
You can survive without breathing.
You are immune to petrification.
You are immune to rotting.


Message History

Press: ? - help, Shift-Dir - straight line, f - yak
Aim: a yak The stone arrow hits the yak.
The yak is heavily wounded.
The yak gores you!
* * * LOW HITPOINT WARNING * * *
The yak closely misses you.
You riposte.
You hit the yak but do no damage.
The yak is poisoned.
The yak is heavily wounded.
Casting: Stone Arrow
Confirm with . or Enter, or press ? or * to list all spells.
Aiming: Stone Arrow
Press: ? - help, Shift-Dir - straight line, f/p - yak
Aim: a yak (heavily wounded, poisoned)
The stone arrow hits the yak.
The yak is severely wounded.
The yak gores you!
* * * LOW HITPOINT WARNING * * *
The yak gores you!
You die...

#.......
.......#...#
#............
#....#.......
#......#.....
##.Y.....#...#.
#..#.$.........
#†##Y......... ....
#YY@.......... .....
#####..............(
#...............
#...............
##.#####...#P...
#...# ## .. #...
##.####.#+. #...
##.# #..... #...
#..###....P##...


You could see 3 yaks.

Vanquished Creatures
  Gastronok (D:9)
  2 hydras
  Fannar (D:10)
  A two-headed ogre (D:9)
  The ghost of Autsider the Destroyer, a novice GrCj of Vehumet (D:8)
  A necromancer (IceCv)
  2 oklob plants
  4 elephants (Lair:1)
  3 ice statues (IceCv)
  A gargoyle (D:10)
  3 spiny frogs
  2 komodo dragons
  6 ice devils (IceCv)
  A queen bee (D:9)
  A hornet (D:8)
  8 blink frogs
  29 yaks
  Menkaure (D:7)
  2 hungry ghosts (D:9)
  2 nagas (Lair:2)
  2 water moccasins (D:10)
  4 ice beasts
  8 porcupines
  4 sky beasts
  11 orc warriors
  A black bear (D:6)
  3 ogres
  2 phantoms
  8 wolves
  5 centaurs
  2 crocodiles
  10 bullfrogs
  4 scorpions
  14 killer bees (D:9)
  4 wights (D:10)
  3 howler monkeys (D:8)
  3 crimson imps
  4 draconian simulacra (IceCv)
  2 centaur zombies (D:6)
  2 jellies
  A quasit (D:9)
  8 hounds
  4 orc priests
  A centaur skeleton (D:5)
  10 orc wizards
  2 bullfrog skeletons
  Jessica (D:2)
  2 iguanas
  8 worker ants
  2 troll simulacra (IceCv)
  2 centaur simulacra (IceCv)
  A hound zombie (D:8)
  3 hound skeletons
  2 worker ant zombies
  A gnoll (D:1)
  9 adders
  2 naga simulacra (IceCv)
  5 shadow imps
  12 white imps
  An ooze (D:1)
  2 adder zombies
  An adder skeleton (D:8)
  A worm (D:2)
  A dart slug (D:4)
  6 leopard geckos
  49 orcs
  3 giant cockroaches
  15 goblins
  9 hobgoblins
  4 jackals
  3 quokkas
  4 bats
  8 frilled lizards
  A giant cockroach zombie (D:5)
  6 kobolds
  A quokka skeleton (D:6)
  A quokka zombie (D:4)
  7 rats
  A plant (D:10)
368 creatures vanquished.

Vanquished Creatures (collateral kills)
  An ogre (D:6)
  A hound (D:6)
  A kobold (D:6)
3 creatures vanquished.

Vanquished Creatures (others)
  A fungus (Lair:1)
  2 plants (Lair:2)
3 creatures vanquished.

Grand Total: 374 creatures vanquished

Notes
Turn   | Place    | Note
-------+----------+-------------------------------------------
     0 | D:1      | kae the Gargoyle Earth Elementalist began the quest for the Orb.
     0 | D:1      | Reached XP level 1. HP: 10/10 MP: 3/3
     8 | D:1      | Noticed a centaur
    10 | D:1      | Noticed a formicid
    13 | D:1      | Noticed an ogre
    16 | D:1      | Noticed a draconian
    18 | D:1      | Noticed a ghoul
   148 | D:1      | Reached skill level 4 in Earth Magic
   148 | D:1      | Reached XP level 2. HP: 11/15 MP: 5/5
   491 | D:1      | Reached XP level 3. HP: 11/19 MP: 1/7
  1409 | D:2      | Reached XP level 4. HP: 21/24 MP: 8/8
  1683 | D:2      | Found a sparkling altar of Nemelex Xobeh.
  1754 | D:2      | Noticed Jessica
  1757 | D:2      | Killed Jessica
  1757 | D:2      | Reached skill level 5 in Earth Magic
  1842 | D:2      | Learned a level 3 spell: Stone Arrow
  1882 | D:2      | Found an ancient bone altar of Kikubaaqudgha.
  2591 | D:3      | Reached XP level 5. HP: 26/28 MP: 10/10
  3076 | D:3      | Found a hazy altar of Hepliaklqana.
  3121 | D:3      | Noticed a centaur
  3126 | D:3      | Killed a centaur
  3126 | D:3      | Reached skill level 1 in Fighting
  3126 | D:3      | Reached skill level 1 in Conjurations
  3126 | D:3      | Reached XP level 6. HP: 15/34 MP: 5/11
  3944 | D:4      | Reached skill level 6 in Earth Magic
  4094 | D:4      | Reached XP level 7. HP: 30/39 MP: 8/13
  4281 | D:4      | Found Redoist's Food Boutique.
  4592 | D:5      | Entered Level 5 of the Dungeon
  4616 | D:5      | Found an opulent altar of Gozag.
  4788 | D:5      | Reached XP level 8. HP: 44/45 MP: 6/15
  4811 | D:5      | Reached skill level 5 in Spellcasting
  4811 | D:5      | Reached skill level 7 in Earth Magic
  4935 | D:5      | Found a deep blue altar of Sif Muna.
  5227 | D:5      | Found a burning altar of Makhleb.
  5727 | D:6      | Found a radiant altar of Vehumet.
  5749 | D:6      | Became a worshipper of Vehumet
  5771 | D:6      | Found Buekio's Antique Weapon Shoppe.
  5823 | D:6      | Reached skill level 5 in Conjurations
  5886 | D:6      | Reached skill level 8 in Earth Magic
  5991 | D:6      | Found Uboskep's Assorted Antiques.
  6185 | D:5      | Got a brightly glowing robe
  6196 | D:5      | Identified the +1 robe "Wampe" {MR+ Int+4} (You found it on level 5 of the Dungeon)
  6254 | D:6      | Reached XP level 9. HP: 51/51 MP: 12/17
  6325 | D:6      | Reached skill level 1 in Shields
  6428 | D:6      | Bought a scroll of identify for 52 gold pieces
  6454 | D:6      | Found Deacalimn's Magic Scroll Shop.
  6473 | D:6      | Bought a scroll of noise for 12 gold pieces
  6520 | D:6      | Found a staircase to the Ecumenical Temple.
  6539 | D:6      | Bought a brightly glowing cloak for 247 gold pieces
  6544 | D:6      | Identified the +0 cloak "Masmuew" {rF++} (You bought it in a shop on level 6 of the Dungeon)
  6552 | D:6      | Found a white marble altar of Elyvilon.
  6562 | D:6      | Found a stormy altar of Qazlal.
  6923 | D:7      | Noticed Menkaure
  6931 | D:7      | Killed Menkaure
  7174 | D:7      | Reached * piety under Vehumet
  7174 | D:7      | Offered knowledge of Sting by Vehumet.
  7309 | D:7      | Found an opulent altar of Gozag.
  7728 | D:8      | Found a shattered altar of Ashenzari.
  7734 | D:8      | Noticed a hornet
  7741 | D:8      | Killed a hornet
  7741 | D:8      | Reached skill level 9 in Earth Magic
  7805 | D:8      | Noticed Autsider's ghost (novice GrCj)
  7823 | D:8      | Killed Autsider's ghost
  7823 | D:8      | Reached XP level 10. HP: 29/58 MP: 5/20
  8146 | D:8      | Reached skill level 5 in Fighting
  8587 | D:8      | Reached skill level 10 in Earth Magic
  8948 | D:9      | Offered knowledge of Searing Ray by Vehumet.
  8961 | D:9      | Reached ** piety under Vehumet
  9003 | D:9      | Noticed a two-headed ogre
  9018 | D:9      | Killed a two-headed ogre
  9050 | D:9      | Reached XP level 11. HP: 57/64 MP: 10/22
  9111 | D:9      | Got an iridescent scimitar {venom}
  9207 | D:9      | Identified the +4 scimitar "Kauzeed" {venom, rPois MR+ Dex+2} (You took it off a crimson imp on level 9 of the Dungeon)
  9350 | D:9      | Noticed Gastronok
  9362 | D:9      | Killed Gastronok
  9362 | D:9      | Reached skill level 5 in Dodging
  9375 | D:9      | Reached skill level 11 in Earth Magic
  9561 | D:9      | Found a basalt altar of Yredelemnul.
  9610 | D:9      | Found a hazy altar of Hepliaklqana.
  9723 | D:9      | Found a roughly hewn altar of Beogh.
  9723 | D:9      | Found a staircase to the Orcish Mines.
  9737 | D:9      | Offered knowledge of Static Discharge by Vehumet.
 10436 | D:9      | Reached *** piety under Vehumet
 10680 | D:9      | Found a hide-covered altar of Uskayaw.
 10680 | D:9      | Found a sacrificial altar of Ru.
 10720 | D:10     | Entered Level 10 of the Dungeon
 10757 | D:10     | Offered knowledge of Force Lance by Vehumet.
 11069 | D:10     | Noticed Fannar
 11080 | D:10     | Killed Fannar
 11342 | D:10     | Noticed an oklob plant
 11469 | D:10     | Reached XP level 12. HP: 66/71 MP: 17/25
 11498 | D:10     | Reached **** piety under Vehumet
 11579 | D:10     | Found a staircase to the Lair.
 11791 | D:10     | Reached skill level 10 in Conjurations
 11877 | Lair:1   | Entered Level 1 of the Lair of Beasts
 11888 | D:10     | Reached skill level 12 in Earth Magic
 11942 | D:10     | Offered knowledge of Yara's Violent Unravelling by Vehumet.
 12191 | Lair:1   | Found a frozen archway.
 12242 | IceCv    | Entered an ice cave
 12363 | IceCv    | Learned a level 5 spell: Lee's Rapid Deconstruction
 12807 | IceCv    | Reached ***** piety under Vehumet
 12807 | IceCv    | Offered knowledge of Orb of Destruction by Vehumet.
 13507 | Lair:1   | Reached skill level 10 in Spellcasting
 13734 | Lair:1   | Noticed a five-headed hydra
 13743 | Lair:1   | Killed a five-headed hydra
 13908 | Lair:1   | Reached skill level 1 in Long Blades
 14216 | Lair:1   | Identified a scroll of acquirement
 14270 | Lair:2   | Reached skill level 13 in Earth Magic
 14270 | Lair:2   | Reached XP level 13. HP: 78/78 MP: 19/27
 14415 | Lair:2   | Found a staircase to the Snake Pit.
 15198 | Lair:3   | HP: 2/78 [yak (11)]
 15198 | Lair:3   | Mangled by a yak

Vault maps used:
D:1:      shiori_arrival_whats_in_store_for_you, minmay_curled_crystal
D:2:      lemuel_round_altar, nemelex_altar_shiori, uniq_jessica
D:3:      lemuel_doored_altar, first_bread
D:4:      serial_shops, kennysheep_little_box
D:5:      minmay_opposing_rooms, overflow_temple_1_default, kennysheep_mini,
          hex_large, nicolae_gozag_seed_capital
D:6:      lemuel_crystal_altar, nicolae_qazlal_style_of_elements,
          vehumet_altar_wand_db, minmay_temple_entry_enclosed_plants,
          serial_shops, nicolae_shop_overgrown_old_shop, shop_statue,
          shop_coins, corexii_hall_statues_u
D:7:      marbit_many_paths, uniq_menkaure
D:8:      ashenzari_conservatory_becter
D:9:      amethyst_overflow_temple_binary, david_orc_5, basic_altar,
          david_nohive_1, yredelemnul_altar_generic, uniq_gastronok
D:10:     dpeg_oklobed_lair, uniq_fannar
Lair:1:   portal_ice_cave_entry_imps, eino_small_chamber_without_monster,
          beast_lair_carwin_5
Lair:2:   guppyfry_snake_entry_garden
Lair:3:   minivault_26, lemuel_fruit_fields, uniq_snorg
IceCv:    ice_cave_tombish

Skill      XL: |  1  2  3  4  5  6  7  8  9 10 11 12 13 |
---------------+----------------------------------------+-----
Earth Magic    | 4 5 6 8 9 10 11 13 | 13.3
Spellcasting   | 3 4 5 6 7 9 10 | 10.4
Fighting       | 1 2 3 4 5 6 7 8 |  8.1
Conjurations   | 1 2 3 5 7 8 9 11 | 11.5
Dodging        | 2 3 4 5 6 |  6.5
Shields        | 2 4 |  4.1
Long Blades    | 1 2 |  2.0
Stealth        | |  2.1
Transmutations | |  0.7

Action                   |  1- 3 |  4- 6 |  7- 9 | 10-12 | 13-15 || total
-------------------------+-------+-------+-------+-------+-------++-------
Melee: Unarmed           |     8 |       |       |       |       ||     8
       Dagger            |   146 |   195 |    92 |    16 |       ||   449
       Scimitar          |       |       |       |   103 |     8 ||   111
 Cast: Sandblast         |     9 |    33 |    57 |   127 |     6 ||   232
       Stone Arrow       |       |     8 |   101 |   284 |    44 ||   437
       Lee's Rapid Decon |       |       |       |    10 |     7 ||    17
  Use: Scroll            |       |    14 |     7 |     5 |     1 ||    27
       Potion            |       |       |     5 |       |     1 ||     6
 Stab: Sleeping          |     6 |     4 |       |     1 |       ||    11
  Eat: Chunk             |     1 |    10 |    15 |    20 |     3 ||    49
       Royal jelly       |       |       |       |     1 |       ||     1
Armor: Robe              |    45 |    76 |    62 |   117 |     5 ||   305
Dodge: Dodged            |   108 |   160 |   110 |   207 |    19 ||   604
Block: Buckler           |       |       |     4 |    93 |     6 ||   103
       Rpst.: Scimitar   |       |       |       |    46 |     5 ||    51

Table legend:
 A = Spawn XP
 B = Non-spawn XP
 C = Spawn XP percentage of total XP
 D = Spawn monster count
 E = Non-spawn monster count
 F = Spawn count percentage of total count
 G = Total turns spent on level
                    A         B        C        D         E        F      G
               +---------+---------+-------+---------+---------+-------+---------
         Total |       0 |   37513 |   0.0 |       0 |     370 |   0.0 | 15198
               +---------+---------+-------+---------+---------+-------+---------
           D:1 |       0 |      70 |   0.0 |       0 |      29 |   0.0 |  1297
           D:2 |       0 |      78 |   0.0 |       0 |      18 |   0.0 |  1046
           D:3 |       0 |     377 |   0.0 |       0 |      35 |   0.0 |  1549
           D:4 |       0 |     199 |   0.0 |       0 |      13 |   0.0 |   700
           D:5 |       0 |    1221 |   0.0 |       0 |      19 |   0.0 |  1390
           D:6 |       0 |     799 |   0.0 |       0 |      19 |   0.0 |   905
           D:7 |       0 |     854 |   0.0 |       0 |      16 |   0.0 |   660
           D:8 |       0 |    3866 |   0.0 |       0 |      32 |   0.0 |  1871
           D:9 |       0 |    6892 |   0.0 |       0 |      64 |   0.0 |  1302
          D:10 |       0 |    6686 |   0.0 |       0 |      53 |   0.0 |  1449
        Lair:1 |       0 |    6216 |   0.0 |       0 |      30 |   0.0 |  1378
        Lair:2 |       0 |    4280 |   0.0 |       0 |      15 |   0.0 |   785
        Lair:3 |       0 |    1572 |   0.0 |       0 |       7 |   0.0 |   133
         IceCv |       0 |    4403 |   0.0 |       0 |      20 |   0.0 |   733
               +---------+---------+-------+---------+---------+-------+---------
